 Dungeon Crawl Stone Soup version 0.31-a0-1236-gaa9e43cceb (webtiles) character file.

Game seed: 17695122389717457841

126 Ivernyr the Shield-Bearer (level 5, 0/42 HPs)
             Began as a Formicid Fighter on Dec 15, 2023.
             Slain by Ijyb
             ... wielding a +0 dagger of electrocution
              (1 damage)
             ... on level 4 of the Dungeon.
             The game lasted 00:06:23 (2294 turns).

Ivernyr the Shield-Bearer (Formicid Fighter)        Turns: 2294, Time: 00:06:24

Health: 0/42       AC:  7    Str: 29    XL:     5   Next: 31%
Magic:  5/5        EV:  9    Int:  7    God:
Gold:   157        SH:  5    Dex: 13    Spells: 4/4 levels left

rFire   . . .        a - +0 quarterstaff
rCold   . . .        c - +0 buckler
rNeg    . . .        b - +0 scale mail
rPois   +            (helmet unavailable)
rElec   .            (no cloak)
rCorr   .            (no gloves)
SInv    +            (no boots)
Will    .....        (no amulet) Stlth
                     f - ring of poison resistance
HPRegen 0.27/turn    j - +6 ring of strength
MPRegen 0.09/turn

%: no passive effects
@: no status effects
A: permanent stasis, dig shafts and tunnels, antennae 3, four strong arms
a: Dig, Shaft Self


You were on level 4 of the Dungeon.
You visited 1 branch of the dungeon, and saw 4 of its levels.

You collected 197 gold pieces.
You spent 40 gold pieces at shops.

Inventory:

Hand Weapons
 a - a +0 quarterstaff (weapon)
Armour
 b - a +0 scale mail (worn)
 c - a +0 buckler (worn)
Jewellery
 f - a ring of poison resistance (left hand)
 j - a +6 ring of strength (right hand)
Wands
 q - a wand of mindburst (12)
Scrolls
 e - a scroll of poison {unknown}
 g - 5 scrolls of identify {unknown}
 i - a scroll of immolation {unknown}
 l - 2 scrolls of fog {unknown}
 m - a scroll of fear {unknown}
 s - a scroll of blinking {unknown}
Potions
 d - a potion of might
 h - a potion of enlightenment {unknown}
 k - 2 potions of mutation {unknown}
 n - 2 potions of brilliance {unknown}
 o - 2 potions of attraction {unknown}
 p - a potion of haste {unknown}
 r - a potion of lignification {unknown}
 t - a potion of curing


   Skills:
 + Level 4.0 Fighting
 * Level 3.5 Staves
 + Level 4.0 Armour
 + Level 4.9 Shields


You had 4 spell levels left.
You didn't know any spells.
Your spell library contained the following spells:

 Spells                   Type           Power      Damage    Failure   Level
 Sublimation of Blood     Necr           0%         N/A       86%         2
 Wereblood                Tmut           0%         N/A       86%         2
 Summon Hydra             Summ           0%         N/A       100%        7


Dungeon Overview and Level Annotations

Branches:
Dungeon (4/15)
 Temple: D:4-7

Altars:

Shops:
D:3 *

Annotations:
D:4 Ijyb


Innate Abilities, Weirdness & Mutations

You cannot be hasted, slowed, berserked, paralysed or teleported.
You can dig through walls and to a lower floor.
You have a pair of large antennae on your head. (SInv)
Your four strong arms can wield two-handed weapons with a shield.


Message History

You hear the slow rusting of a very distant drain.
You start resting.
You hear the slow rusting of a very distant drain.
HP restored.
You see here 4 large rocks.
You sense a monster nearby.
You open the door.
Ijyb the Twisted Goblin comes into view.
She is wielding a +0 dagger of electrocution and carrying a wand of mindburst.
Ijyb shouts!
You hear an angry hiss.
Found a club.
Ijyb is nearby!
Ijyb zaps a wand.
You struggle to resist.
There is an open door here.
A ball python comes into view.
Found a potion of curing.
The ball python hisses angrily.
Ijyb zaps a wand.
Your mind is blasted!
A dart slug comes into view.
There is an open door here.
Ijyb zaps a wand.
Your mind is blasted!
Ijyb zaps a wand.
You struggle to resist.
There is an open door here.
The ball python completely misses you. The ball python barely misses you.
You hit the ball python.
You kill the ball python!
You hit Ijyb but do no damage.
Ijyb hits you with a +0 dagger of electrocution.
You hit Ijyb but do no damage.
Ijyb zaps a wand.
Your mind is blasted!
Ijyb hits you with a +0 dagger of electrocution.
* * * LOW HITPOINT WARNING * * *
You closely miss Ijyb. You block Ijyb's attack.
You hit Ijyb but do no damage. You block Ijyb's attack.
You hit Ijyb but do no damage.
Ijyb screams, "Die!"
You block Ijyb's attack.
You closely miss Ijyb. Ijyb hits you but does no damage.
You are electrocuted!
* * * LOW HITPOINT WARNING * * *
Ijyb attacks as she pursues you!
Ijyb hits you with a +0 dagger of electrocution.
You die...

. #.. #...w
#####).....
#.g......8#
#@###......
##..###...!
##..## #..
###...# . #.....#
#.#...#
#.######## ###
#........# #.#
#..#####.####.###


You could see Ijyb.

Vanquished Creatures
  An iguana (D:4)
  3 gnolls (D:4)
  A worm (D:2)
  2 dart slugs (D:2)
  5 orcs (D:3)
  6 bats
  7 endoplasms
  2 giant cockroaches (D:3)
  4 goblins
  A hobgoblin (D:3)
  4 jackals (D:3)
  3 quokkas
  4 ball pythons
  3 frilled lizards
  6 kobolds
  4 rats
56 creatures vanquished.

Notes
Turn   | Place    | Note
-------+----------+-------------------------------------------
     0 | D:1      | Ivernyr the Formicid Fighter began the quest for the Orb.
     0 | D:1      | Reached XP level 1. HP: 18/18 MP: 1/1
   429 | D:1      | Reached XP level 2. HP: 22/24 MP: 2/2
  1122 | D:2      | Reached XP level 3. HP: 29/29 MP: 3/3
  1501 | D:3      | Reached XP level 4. HP: 33/37 MP: 4/4
  1642 | D:3      | Found Laniag's General Store.
  1652 | D:3      | Bought a potion of curing for 30 gold pieces
  1652 | D:3      | Bought a potion of degeneration for 10 gold pieces
  2167 | D:4      | Reached XP level 5. HP: 40/42 MP: 5/5
  2279 | D:4      | Noticed Ijyb
  2293 | D:4      | HP: 1/42 [Ijyb/+0 dagger of electrocution (12)]
  2294 | D:4      | Slain by Ijyb

Illustrated notes

Levels and vault maps discovered:
D:1:      psy_arrival_conway, layout_basic, minmay_tromino_v4_c
D:2:      layout_basic, dk_vineyard_3
D:3:      layout_loops_ring, serial_shops, nicolae_square_shop
D:4:      layout_loops_corners, nemelex_diamond_rough_becter,
          minmay_overflow_temple_star_quad, serial_aquarium,
          aquarium_bridge_straight [aquarium_subvault_bridge,
          aquarium_subvault_window, aquarium_subvault_bridge,
          aquarium_subvault_wall], aquarium_window_1, aquarium_window_1,
          aquarium_window_corridor_2, aquarium_view_2b, aquarium_balcony_3b,
          portal_sewer_entry_d, serial_shops, nicolae_shop_window_shopping,
          minivault_1, uniq_ijyb, uniq_crazy_yiuf_cottage

Skill      XL: |  1  2  3  4  5 |
---------------+----------------+-----
Staves         | 3 |  3.5
Armour         | 4 |  4.0
Fighting       | 4 |  4.0
Shields        | |  4.9

Action                     |  1- 3 |  4- 6 || total
---------------------------+-------+-------++-------
  Melee: Quarterstaff      |    78 |    62 ||   140
 Armour: Scale mail        |    48 |    45 ||    93
  Dodge: Dodged            |    33 |    27 ||    60
  Block: Buckler           |    11 |    20 ||    31

Table legend: (Time is in decaauts)
 A = Elapsed time spent in this place.
 B = Non-inter-level travel time spent in this place.
 C = Inter-level travel time spent in this place.
 D = Time resting spent in this place.
 E = Time spent auto-exploring this place.
 F = Levels seen in this place.
 G = Mean time per level.
                   A        B        C        D        E       F      G
               +--------+--------+--------+--------+--------+-----+--------+
         Total |   2323 |   2211 |    112 |     71 |   1738 |   4 |  580.8 |
       Dungeon |   2323 |   2211 |    112 |     71 |   1738 |   4 |  580.8 |
               +--------+--------+--------+--------+--------+-----+--------+

Top non-repeatable levels by time:
     D:1: 849 daAuts
     D:3: 655 daAuts
     D:2: 621 daAuts
     D:4: 197 daAuts
